 Dungeon Crawl Stone Soup version 0.21-a0-531-gacddea6 (webtiles) character file.

39 AverageBear the Cutter (level 3, 2/22 HPs)
             Began as a Deep Elf Fighter on Dec 13, 2017.
             Quit the game on level 2 of the Dungeon.
             The game lasted 00:01:01 (946 turns).

AverageBear the Cutter (Deep Elf Fighter)            Turns: 946, Time: 00:01:02

Health: 2/22       AC:  9    Str: 14    XL:     3   Next: 26%
Magic:  4/4        EV:  6    Int: 12    God:
Gold:   76         SH:  7    Dex: 14    Spells: 2/2 levels left

rFire    . . .     SeeInvis .   a - +0 rapier
rCold    . . .     Gourm    .   c - +0 shield
rNeg     . . .     Faith    .   b - +1 scale mail
rPois    .         Spirit   .   n - +2 hat
rElec    .         Reflect  .   (no cloak)
rCorr    .         Harm     .   (no gloves)
MR       .....                  (no boots)
Stlth    ..........             (no amulet)
HPRegen  0.07/turn              (no ring)
MPRegen  0.09/turn              (no ring)

@: lethally poisoned (2 -> -6), heavily drained
A: low mp 1, mutation resistance 1, subdued magic 1
a: no special abilities


You were on level 2 of the Dungeon.
You were not hungry.

You visited 1 branch of the dungeon, and saw 2 of its levels.

You collected 76 gold pieces.

Inventory:

Hand Weapons
 a - a +0 rapier (weapon)
Armour
 b - a +1 scale mail (worn)
 c - a +0 shield (worn)
 n - a +2 hat (worn)
Scrolls
 h - a scroll of magic mapping
 i - a scroll of teleportation
Potions
 d - a potion of might
Comestibles
 f - a bread ration
 g - a royal jelly


   Skills:
 - Level 2.4(0.9) Fighting
 + Level 3.7(2.2) Short Blades
 - Level 2.4(0.9) Armour
 - Level 2.4(0.9) Shields


You had 2 spell levels left.
You didn't know any spells.

Dungeon Overview and Level Annotations

Branches:
Dungeon (2/15)

Altars:
Zin


Innate Abilities, Weirdness & Mutations

Your magical capacity is low. (-10% MP)
You are somewhat resistant to further mutation.
Your spells are a little easier to cast, but a little less powerful.


Message History

You feel sick. The adder bites you but does no damage.
You block the frilled lizard's attack.
You puncture the adder!
You kill the adder!
* * * LOW HITPOINT WARNING * * *
You feel sick. You block the frilled lizard's attack.
It was a potion of mutation.
You feel extremely strange.
Your connection to magic feels subdued.
You feel less energetic.
You feel genetically stable.
* * * LOW HITPOINT WARNING * * *
You feel sick. The frilled lizard barely misses you.
A bat comes into view.
* * * LOW HITPOINT WARNING * * *
You feel sick.
Found a stone staircase leading down.
You see here an adder corpse.
* * * LOW HITPOINT WARNING * * *
You feel sick.
The frilled lizard bites you but does no damage.
Are you sure you want to abandon this character and quit the game? (Confirm with "yes".)

#..........##* #...........,*
#..........#,* **
#......§.§.#,**** *,
#......§§§§#,,,,****,
#.....†§§§§#,,,,,,,,, *****
#.....†.§§§#,,,,,8,,, *,,,*
*****#...l...§§§#,,,,8,8,,
**,,,***,,,,#...@b..§.§#,,,8,_,8,
,,,,,,,,,...........§§....,,8,8,,
**,,,***,...#.(........#..,,,8,,,
**,,,* *,..,#.........%##..,,,,,,
**,,,***,,,,#####..........,*,*,*
,,,,,,,,,,,,,,,,........>,***,*,*
**,,,**,,,,,****#........,* *,*,,
**,,,**,***** *.......,,* *,*,,
**,,,**,* ********,,* *,*,,


You could see a bat and a frilled lizard.

Vanquished Creatures
  An adder (D:2)
  An ooze (D:1)
  2 dart slugs (D:1)
  A leopard gecko (D:1)
  A goblin (D:1)
  3 hobgoblins (D:1)
  3 kobolds (D:1)
  4 bats (D:1)
  A frilled lizard (D:2)
  7 rats (D:1)
24 creatures vanquished.

Notes
Turn   | Place    | Note
-------+----------+-------------------------------------------
     0 | D:1      | AverageBear the Deep Elf Fighter began the quest for the Orb.
     0 | D:1      | Reached XP level 1. HP: 13/13 MP: 3/3
   477 | D:1      | Reached XP level 2. HP: 17/18 MP: 4/4
   534 | D:1      | Reached skill level 3 in Short Blades
   876 | D:1      | Found a glowing silver altar of Zin.
   886 | D:1      | Reached XP level 3. HP: 15/22 MP: 5/5
   942 | D:2      | Gained mutation: Your spells are a little easier to cast, but a little less powerful. [potion of mutation]
   942 | D:2      | Gained mutation: Your magical capacity is low. (-10% MP) [potion of mutation]
   942 | D:2      | Gained mutation: You are somewhat resistant to further mutation. [potion of mutation]
   946 | D:2      | Quit the game

Vault maps used:
D:1:      eino_arrival_water_cross, kennysheep_flooded_box
D:2:      chequers_ecumenical_altar_simple_redux

Skill      XL: |  1  2 |
---------------+-------+-----
Short Blades   | 3 |  3.7
Fighting       | |  2.4
Armour         | |  2.4
Shields        | |  2.4

Action                   || total
-------------------------++-------
Melee: Rapier            ||    64
  Use: Scroll            ||     6
       Potion            ||     1
Armor: Scale mail        ||    36
Dodge: Dodged            ||    17
Block: Shield            ||    30

Table legend:
 A = Spawn XP
 B = Non-spawn XP
 C = Spawn XP percentage of total XP
 D = Spawn monster count
 E = Non-spawn monster count
 F = Spawn count percentage of total count
 G = Total turns spent on level
                    A         B        C        D         E        F      G
               +---------+---------+-------+---------+---------+-------+---------
         Total |       0 |      56 |   0.0 |       0 |      24 |   0.0 |   946
               +---------+---------+-------+---------+---------+-------+---------
           D:1 |       0 |      42 |   0.0 |       0 |      22 |   0.0 |   924
           D:2 |       0 |      14 |   0.0 |       0 |       2 |   0.0 |    22
               +---------+---------+-------+---------+---------+-------+---------
